 Dungeon Crawl Stone Soup version 0.21-a0-153-g78480df (webtiles) character file.

5 4thArraOfDagon the Magician (level 1, -3/16 HPs)
             Began as a Mummy Warper on Aug 1, 2017.
             Slain by a kobold
             ... wielding a +0 short sword
              (5 damage)
             ... on level 1 of the Dungeon.
             The game lasted 00:00:31 (97 turns).

4thArraOfDagon the Magician (Mummy Warper)            Turns: 97, Time: 00:00:32

Health: -3/16      AC:  3    Str: 14    XL:     1   Next: 66%
Magic:  4/4        EV: 11    Int: 12    God:
Gold:   88         SH:  0    Dex: 11    Spells: 5/5 levels left

rFire    x . .     SeeInvis .   a - +0 falchion
rCold    + . .     Gourm    .   (no shield)
rNeg     + + +     Faith    .   b - +0 leather armour
rPois    ∞         Spirit   .   (no helmet)
rElec    .         Reflect  .   (no cloak)
rCorr    .         Harm     .   (no gloves)
MR       .....                  (no boots)
Stlth    +.........             (no amulet)
HPRegen  0.05/turn              (no ring)
MPRegen  0.09/turn              (no ring)

@: no status effects
A: no food or potions, fire vulnerability, cold resistance 1, negative energy
resistance 3, torment resistance, unbreathing
a: no special abilities


You were on level 1 of the Dungeon.
You were not hungry.

You visited 1 branch of the dungeon, and saw 1 of its levels.

You collected 88 gold pieces.

Inventory:

Hand Weapons
 a - a +0 falchion (weapon)
Missiles
 e - 5 tomahawks of dispersal (quivered)
Armour
 b - a +0 leather armour (worn)
Scrolls
 d - a scroll of blinking
 f - a scroll of identify {unknown}
 g - a scroll of recharging {unknown}
Books
 c - a book of Spatial Translocations

   Spells                             Type                      Level
   a - Blink                          Translocation                2
   b - Shroud of Golubria             Charms/Translocation         2
   c - Lesser Beckoning               Translocation                3
   d - Gell's Gravitas                Translocation                3
   e - Teleport Other                 Translocation                3
   f - Passage of Golubria            Translocation                4


   Skills:
 - Level 2.0 Fighting
 * Level 2.0 Long Blades
 - Level 0.7 Throwing
 + Level 0.8 Armour
 + Level 1.5 Dodging
 - Level 2.6 Spellcasting
   Level 2.4 Translocations


You had 5 spell levels left.
You didn't know any spells.

Dungeon Overview and Level Annotations

Branches:
Dungeon (1/15)

Altars:


Innate Abilities, Weirdness & Mutations

You do not eat or drink.
Your flesh is vulnerable to fire.
You are immune to poison.
Your flesh is cold resistant. (rC+)
You are immune to negative energy. (rN+++)
You are immune to unholy pain and torment.
You can survive without breathing.


Message History

A kobold comes into view. It is wielding a short sword.
The kobold shouts!
The bat barely misses you.
You riposte.
You hit the bat.
You kill the bat!
Your Long Blades skill increases to level 2!
You barely miss the kobold. The kobold barely misses you.
You riposte.
You closely miss the kobold. You hit the kobold but do no damage.
The kobold hits you with a short sword.
You closely miss the kobold. The kobold hits you with a short sword.
You are too injured to fight recklessly!
You are too injured to fight recklessly!
You are too injured to fight recklessly!
You barely miss the kobold. The kobold hits you but does no damage.
The kobold hits you with a short sword!
* * * LOW HITPOINT WARNING * * *
You barely miss the kobold. The kobold hits you but does no damage.
You hit the kobold.
The kobold is moderately wounded.
The kobold hits you with a short sword.
You die...

#.### ...# #. .#
#####.####.#!.... .#
.........#.#..... .#
.#.....#.#.#..... .#
.#.##....#.#....% K#+#+##
.........#.#...#+#.......
####.##......###.#.......
####...#........@K.......
.............###.#.#+#...
.†...................
######.......###.#.#...
###.....#...#.####.. ##
##.....#.#.#.# # .#
#.........#...# .#
#......#.##.### .###
#.............#


You could see a kobold.

Vanquished Creatures
  A bat (D:1)
  A giant cockroach (D:1)
  A goblin (D:1)
  A frilled lizard (D:1)
  A kobold (D:1)
5 creatures vanquished.

Notes
Turn   | Place    | Note
-------+----------+-------------------------------------------
     0 | D:1      | 4thArraOfDagon the Mummy Warper began the quest for the Orb.
     0 | D:1      | Reached XP level 1. HP: 16/16 MP: 4/4
    97 | D:1      | Slain by a kobold

Vault maps used:
D:1:      lightli_arrival_lavapool

Skill      XL: |  1 |
---------------+----+-----
Long Blades    | 2 |  2.0
Fighting       | |  2.0
Throwing       | |  0.7
Armour         | |  0.8
Dodging        | |  1.5
Spellcasting   | |  2.6
Translocations | |  2.4

Action                   || total
-------------------------++-------
Melee: Falchion          ||    16
Armor: Leather armour    ||     5
Dodge: Dodged            ||     9
       Rpst.: Falchion   ||     4
